 Dungeon Crawl Stone Soup version 0.30.0 (webtiles) character file.

Game seed: 10100475591238143521

113941 waxsol78 the Earth Mage (level 16, -8/76 HPs)
             Began as a Gargoyle Earth Elementalist on Sept 4, 2023.
             Was a High Priest of Vehumet.
             Mangled by a harpy simulacrum (16 damage)
             ... on level 1 of the Shoals.
             The game lasted 01:20:02 (35760 turns).

waxsol78 the Earth Mage (GrEE)                     Turns: 35760, Time: 01:20:02

Health: -8/76      AC: 21    Str: 16    XL:     16   Next: 64%
Magic:  33/43      EV: 11    Int: 23    God:    Vehumet [*****.]
Gold:   1985       SH:  8    Dex: 10    Spells: 14/43 levels left

rFire   . . .        h - staff of earth
rCold   . . .        E - +3 warlock's mirror {omnireflect}
rNeg    + . .        P - +2 robe of Card Tricks {Fly Will+}
rPois   ∞            (no helmet)
rElec   +            N - scarf {repulsion}
rCorr   .            M - +2 pair of gloves {Str+3}
SInv    .            m - +1 pair of boots {Stlth+}
Will    +++..        (no amulet)
Stlth   +++          w - ring of willpower
HPRegen 0.32/turn    t - ring of magical power
MPRegen 0.28/turn

%: repel missiles, reflection
@: flying, studying Ranged Weapons
A: sickness immunity, AC +12, big wings, negative energy resistance 1,
electricity resistance, torment resistance 1, petrification resistance
a: Renounce Religion


You were on level 1 of the Shoals.
You worshipped Vehumet.
Vehumet was extremely pleased with you.
You visited 5 branches of the dungeon, and saw 24 of its levels.

You collected 2545 gold pieces.
You spent 560 gold pieces at shops.

Inventory:

Hand Weapons
 v - a +7 spear of freezing
Armour
 m - a +1 pair of boots of stealth (worn)
 E - the +3 warlock's mirror (worn) {omnireflect}
   (You found it on level 14 of the Dungeon)

   Omnireflect: It can block and reflect piercing ranged attacks and magical
   attacks against the wielder's willpower.
 M - a +2 pair of gloves of strength (worn)
 N - a scarf of repulsion (worn)
 P - the +2 robe of Card Tricks (worn) {Fly Will+}
   (You found it on level 5 of the Lair of Beasts)

   Fly:       It grants you flight.
   Will:      It increases your willpower.
Magical Staves
 h - a staff of earth (weapon)
Jewellery
 a - a ring of resist corrosion
 t - a ring of magical power (right hand)
 w - a ring of willpower (left hand)
 A - a +6 ring of intelligence
 G - a +6 ring of intelligence
 L - a ring of protection from fire
 O - a ring of magical power
Wands
 b - a wand of paralysis (18)
 n - a wand of iceblast (6)
 r - a wand of digging (8)
 D - a wand of light (6)
Scrolls
 d - 3 scrolls of poison
 j - 3 scrolls of brand weapon
 k - 5 scrolls of enchant weapon
 p - 13 scrolls of teleportation
 q - 2 scrolls of immolation
 x - 4 scrolls of magic mapping
 y - a scroll of blinking
 C - 7 scrolls of fog
 F - a scroll of enchant armour
 K - 5 scrolls of identify
Potions
 c - a potion of resistance
 e - a potion of lignification
 f - 8 potions of haste
 g - 10 potions of curing
 i - 6 potions of flight
 l - 2 potions of brilliance
 s - a potion of cancellation
 u - 5 potions of heal wounds
 B - a potion of invisibility
 H - a potion of berserk rage {unknown}
 I - a potion of magic


   Skills:
 - Level 1.5 Dodging
 - Level 2.1 Stealth
 - Level 8.4 Shields
 - Level 14.2 Spellcasting
 - Level 15.6 Conjurations
 + Level 9.5 Summonings
 - Level 0.7 Transmutations
 - Level 18.3 Earth Magic
 - Level 7.4 Poison Magic


You had 14 spell levels left.
You knew the following spells:

 Your Spells              Type           Power      Damage    Failure   Level
a - Orb of Destruction    Conj           36%        9d11      1%          7
c - Olgreb's Toxic Radia  Pois           50%        N/A       1%          4
d - Iron Shot             Conj/Erth      48%        9d9       1%          6
e - Lee's Rapid Deconstr  Erth           50%        3d24*     1%          5
f - Spellforged Servitor  Conj/Summ      32%        N/A       6%          7

Your spell library contained the following spells:

 Spells                   Type           Power      Damage    Failure   Level
 Ozocubu's Refrigeration  Ice            8%         4d9       100%        7
 Magic Dart               Conj           100%       1d8       0%          1
 Sandblast                Erth           100%       2d20      0%          1
 Stone Arrow              Conj/Erth      100%       3d13      0%          3
 Summon Small Mammal      Summ           100%       N/A       1%          1
 Passwall                 Tmut/Erth      61%        N/A       1%          2
 Call Canine Familiar     Summ           56%        N/A       1%          3
 Animate Armour           Summ/Erth      100%       N/A       1%          4
 Fulminant Prism          Conj/Hex       25%        3d14      1%          4
 Iskenderun's Mystic Bla  Conj/Tloc      51%        2d11      1%          4
 Leda's Liquefaction      Hex/Erth       36%        N/A       1%          4
 Petrify                  Tmut/Erth      74%        N/A       1%          4
 Apportation              Tloc           32%        N/A       4%          1
 Necrotise                Necr           64%        1d7       4%          1
 Volatile Blastmotes      Fire/Tloc      32%        2d12      4%          3
 Starburst                Conj/Fire      25%        6d8       8%          6
 Gell's Gravitas          Tloc           16%        N/A       14%         3
 Portal Projectile        Hex/Tloc       32%        N/A       14%         3
 Teleport Other           Tloc           16%        N/A       14%         3
 Dispel Undead            Necr           16%        3d10      41%         4
 Shatter                  Erth           50%        3d38*     50%         9
 Blade Hands              Tmut           9%         N/A       67%         5
 Death Channel            Necr           8%         N/A       100%        6
 Dispersal                Tloc           8%         N/A       100%        6
 Discord                  Hex            8%         N/A       100%        8
 Ignition                 Fire           8%         3d5       100%        8
 Chain Lightning          Conj/Air       25%        3d34      100%        9
 Fire Storm               Conj/Fire      25%        8d7       100%        9
 Cigotuvi's Dreadful Rot  Necr/Pois/Air  Unusable   N/A       N/A         2

Dungeon Overview and Level Annotations

Branches:
Dungeon (15/15)            Temple (1/1) D:5            Lair (5/5) D:10
 Shoals (1/4) Lair:3        Snake (0/4) Lair:2        Slime (0/5) Lair:5
    Orc (2/2) D:10            Elf (0/3) Orc:2        Vaults (0/5) D:14
 Depths (0/4) D:15

Altars:
Ashenzari
Cheibriados
Elyvilon
Fedhas
Gozag
Hepliaklqana
Kikubaaqudgha
Makhleb
Nemelex Xobeh
Okawaru
Qazlal
Sif Muna
Trog
Uskayaw
Vehumet
Wu Jian
Xom
The Shining One

Shops:
D:8 *   D:13 :   Orc:1 *   Orc:2 =(?(

Annotations:
D:6 2 transporters
Lair:5 exclusion: obsidian statue


Innate Abilities, Weirdness & Mutations

You are immune to sickness and miasma.
Your stone body is resilient. (AC +12)
You are immune to poison.
Your large and strong wings let you fly.
You resist negative energy. (rN+)
You are resistant to electric shocks. (rElec)
You are resistant to unholy torment.
You are immune to petrification.


Message History

You block the harpy simulacrum's attack. x2
The harpy simulacrum claws you but does no damage.
You block the harpy simulacrum's attack.
The alligator snapping turtle simulacrum bites you from afar!
The alligator snapping turtle simulacrum bites you from afar!!
The frost giant casts a spell at you.
The bolt of cold misses the satyr simulacrum.
The bolt of cold hits the cyclops simulacrum.
The cyclops simulacrum completely resists.
The bolt of cold hits the alligator snapping turtle simulacrum.
The alligator snapping turtle simulacrum completely resists.
The bolt of cold hits the sea snake simulacrum.
The sea snake simulacrum completely resists.
The bolt of cold is repelled.
The sea snake simulacrum bites you. The sea snake simulacrum freezes you!!
* * * LOW HITPOINT WARNING * * *
Okay, then.
As you read the scroll of fear, it crumbles to dust.
You assume a fearsome visage.
The sea snake simulacrum is unaffected.
The satyr simulacrum is unaffected.
The faun simulacrum is unaffected.
The harpy simulacrum is unaffected.
The alligator snapping turtle simulacrum is unaffected.
The centaur simulacrum is unaffected. x2; The merfolk simulacrum is unaffected.
The frost giant looks frightened!
The satyr simulacrum is unaffected.
The manticore simulacrum is unaffected.
The death yak simulacrum is unaffected.
The kraken simulacrum is unaffected.
The centaur simulacrum is unaffected.
The satyr simulacrum is unaffected.
The merfolk simulacrum is unaffected.
The manticore simulacrum is unaffected.
The centaur simulacrum is unaffected.
The satyr simulacrum is unaffected.
The cyclops simulacrum is unaffected.
The sea snake simulacrum is unaffected.
The harpy simulacrum is unaffected.
The sea snake simulacrum is unaffected.
The alligator snapping turtle simulacrum is unaffected. x2
Your attack snaps the frost giant out of its fear.
The frost giant looks even sicker.
Your toxic aura wanes.
The harpy simulacrum claws you but does no damage.
The harpy simulacrum claws you!
* * * LOW HITPOINT WARNING * * *
The harpy simulacrum freezes you!
You die...

~~~.~~~~~
~~~~~~~~~...#######.....
~~~~~~~~~...#?ZZ(Z#.....~≈≈≈≈≈
~~~~~~~~~..~#ZZZZC#....~~≈≈≈≈≈
~~~~~~~~~..~#ZZZZZ#....~≈≈≈≈≈≈
~~~~~~~~~..~#~ZZZZ#...~~≈≈≈≈≈≈
..~~~~~~~...#ZZZZZ#.~~~≈≈≈≈≈≈≈
..~~~~~~....##'ZZ##.~≈≈≈≈≈≈≈≈≈
..~~~[~........Z@...≈≈≈≈≈≈≈≈≈≈
.~~~~~~..........~9≈≈≈≈≈≈≈≈≈≈≈
~~~~~~~~.........~~≈≈≈≈≈≈≈≈≈≈≈
~~~~~~~~.........~~≈≈≈≈≈≈≈≈≈≈≈
~~~~~~~~~........~≈≈≈≈≈≈≈≈≈≈≈≈
#.~~~~~~~.......~~≈≈≈≈≈≈≈≈≈≈≈≈
#.~~~~~~~~....~~~≈≈≈≈≈≈≈≈≈≈≈≈≈
.~~~~≈≈~~~~~~~~≈≈≈≈≈≈≈≈≈≈≈≈≈≈≈
~~~~≈≈≈≈≈≈~~≈≈≈≈≈≈≈≈≈≈≈≈≈≈≈≈≈≈


You could see a frost giant (very poisoned), 3 sea snake simulacra, a death yak
simulacrum, 2 manticore simulacra, 2 harpy simulacra, 3 alligator snapping
turtle simulacra, 2 merfolk simulacra, 4 centaur simulacra, a cyclops
simulacrum, a kraken simulacrum, a faun simulacrum, 4 satyr simulacra and a
friendly spellforged servitor (summoned).

Vanquished Creatures
  A stone giant (Orc:2)
  Azrael (D:14)
  2 dire elephants (Lair:5)
  The ghost of Speno the Basher, a journeyman OpTm of Ashenzari (Lair:5)
  Josephine (Lair:5)
  7 hydras
  2 vault guards (D:14)
  6 centaur warriors
  2 boulder beetles
  2 ogre magi (Orc:2)
  8 two-headed ogres
  A tengu warrior (D:14)
  Urug (Lair:1)
  8 death yaks
  A spectral dire elephant (Lair:5)
  2 skysharks
  Lodul (D:11)
  3 skeletal warriors (D:14)
  A golden dragon zombie (D:15)
  A spectral anaconda (Lair:5)
  A spark wasp zombie (D:15)
  5 necromancers
  Pikel (D:7)
  9 wizards (D:14)
  An iron dragon zombie (D:15)
  3 cyclopes
  An oklob plant (Lair:5)
  3 deep elf pyromancers
  8 ugly things
  4 manticores
  19 elephants
  Joseph (Lair:1)
  A dire elephant zombie (Lair:5)
  A salamander (Lair:2)
  5 black mambas
  A water nymph (Lair:3)
  2 gargoyles
  A torpor snail (Lair:5)
  Psyche (D:10)
  15 cane toads
  An unseen horror (D:11)
  A freezing wraith (D:14)
  2 rime drakes
  8 komodo dragons
  A tengu conjurer (D:13)
  A yaktaur (shapeshifter) (D:13)
  4 polar bears
  8 trolls
  18 blink frogs
  A meliai (shapeshifter) (D:14)
  2 spectral elephants (Lair:5)
  44 yaks
  A shadow (D:6)
  3 slime creatures (D:12)
  7 wraiths
  2 steam dragons
  4 basilisks
  17 humans (D:14)
  8 wyverns
  2 fire elementals (D:14)
  A death yak simulacrum (Lair:5)
  A vampire mosquito (D:7)
  Edmund (D:4)
  A warg (Orc:2)
  4 hell hounds (D:14)
  10 water moccasins
  A sky beast (D:7)
  4 ice beasts
  13 orc warriors
  2 black bears
  4 boggarts (Lair:4)
  3 elephant zombies (Lair:5)
  10 wolves
  13 ogres
  13 centaurs
  3 lemures (D:7)
  4 phantoms
  5 kobold brigands
  11 bullfrogs
  A glowing shapeshifter simulacrum (D:15)
  2 gnoll sergeants (D:5)
  5 scorpions
  26 wights
  3 killer bees
  2 elephant simulacra (Lair:5)
  3 electric eels
  3 howler monkeys
  3 lava snakes (Lair:2)
  7 hounds
  16 jellies
  14 orc priests
  5 iguanas
  2 sleepcaps
  Natasha (D:2)
  Terence (D:3)
  18 orc wizards
  Robin (D:2)
  5 adders
  3 shadow imps
  3 white imps
  An ufetubus (D:7)
  2 worms (D:2)
  A dart slug (D:4)
  66 orcs
  5 bats
  6 endoplasms
  A giant cockroach (D:3)
  15 goblins
  4 hobgoblins
  4 quokkas
  7 ball pythons
  2 frilled lizards
  21 kobolds
  3 rats (D:2)
636 creatures vanquished.

Vanquished Creatures (collateral kills)
  The ghost of rundlesten the Brawler, a journeyman DrTm of Okawaru (D:15)
  A stone giant (D:15)
  A minotaur (Lair:5)
  An ettin (Orc:2)
  A hydra (D:14)
  A centaur warrior (D:15)
  5 two-headed ogres (Orc:2)
  A tengu warrior (D:14)
  2 spectral spriggans (D:15)
  A skeletal warrior (D:14)
  2 deep trolls (Orc:2)
  A wizard (D:14)
  5 ugly things (D:15)
  A torpor snail (Lair:5)
  A cane toad (Lair:5)
  7 trolls
  A sphinx simulacrum (D:15)
  A nameless horror (Orc:1)
  4 wargs (Orc:2)
  8 orc warriors
  17 ogres
  2 centaurs (D:15)
  5 orc priests
  14 orc wizards
  13 orcs
97 creatures vanquished.

Vanquished Creatures (others)
  A bush (Lair:1)
  18 fungi
  71 plants
  30 withered plants (Lair:5)
120 creatures vanquished.

Grand Total: 853 creatures vanquished

Notes
Turn   | Place    | Note
-------+----------+-------------------------------------------
     0 | D:1      | waxsol78 the Gargoyle Earth Elementalist began the quest
                  | for the Orb.
     0 | D:1      | Reached XP level 1. HP: 10/10 MP: 3/3
   142 | D:1      | Reached skill level 4 in Earth Magic
   255 | D:1      | You fall into a shaft and drop 1 floor!
   294 | D:2      | Found a faded altar of an unknown god.
   297 | D:2      | Reached XP level 2. HP: 15/15 MP: 3/5
   339 | D:2      | Noticed Robin
   963 | D:2      | Reached XP level 3. HP: 19/19 MP: 6/6
   967 | D:2      | Learned a level 3 spell: Stone Arrow
   976 | D:2      | Reached skill level 5 in Earth Magic
  1042 | D:2      | Reached XP level 4. HP: 3/24 MP: 7/7
  1043 | D:2      | Reached skill level 6 in Earth Magic
  1332 | D:2      | Noticed Natasha
  1338 | D:2      | Killed Natasha
  1598 | D:2      | Killed Robin
  1599 | D:2      | Reached XP level 5. HP: 28/28 MP: 3/8
  1702 | D:3      | Noticed Terence
  1704 | D:3      | Killed Terence
  1705 | D:3      | Reached skill level 7 in Earth Magic
  2802 | D:4      | Noticed Edmund
  2833 | D:4      | Noticed a phantom
  2835 | D:4      | Killed a phantom
  2836 | D:4      | Reached XP level 6. HP: 32/32 MP: 10/10
  2890 | D:4      | Found a sparkling altar of Nemelex Xobeh.
  3145 | D:4      | Killed Edmund
  3146 | D:4      | Reached skill level 8 in Earth Magic
  3146 | D:4      | Reached XP level 7. HP: 36/36 MP: 2/12
  3626 | D:4      | Identified a scroll of acquirement
  3626 | D:4      | Acquired a staff of earth
  3797 | D:5      | Entered Level 5 of the Dungeon
  3825 | D:5      | Reached skill level 1 in Conjurations
  3909 | D:5      | Learned a level 4 spell: Olgreb's Toxic Radiance
  3946 | D:5      | Found a staircase to the Ecumenical Temple.
  3966 | D:5      | Reached skill level 1 in Poison Magic
  3970 | Temple   | Entered the Ecumenical Temple
  4155 | Temple   | Became a worshipper of Vehumet
  4727 | D:5      | Reached XP level 8. HP: 39/41 MP: 10/14
  4910 | D:5      | Reached skill level 5 in Poison Magic
  5443 | D:5      | Learned a level 6 spell: Iron Shot
  5908 | D:6      | Reached * piety under Vehumet
  5908 | D:6      | Offered knowledge of Shock by Vehumet.
  6005 | D:6      | Found a transporter.
  6047 | D:6      | Reached skill level 9 in Earth Magic
  6133 | D:6      | Reached XP level 9. HP: 45/45 MP: 15/15
  6193 | D:6      | Found an ornate altar of the Wu Jian Council.
  6719 | D:6      | Found a transporter.
  6750 | D:6      | Found a hide-covered altar of Uskayaw.
  6875 | D:7      | Reached skill level 5 in Spellcasting
  6876 | D:7      | Reached skill level 10 in Earth Magic
  7061 | D:7      | Noticed Pikel
  7079 | D:7      | Killed Pikel
  7080 | D:7      | Reached skill level 5 in Conjurations
  7080 | D:7      | Reached XP level 10. HP: 50/50 MP: 7/19
  7866 | D:7      | Reached ** piety under Vehumet
  7866 | D:7      | Offered knowledge of Poisonous Vapours by Vehumet.
  8246 | D:7      | Noticed a gargoyle
  8248 | D:7      | Noticed a two-headed ogre
  8447 | D:7      | Killed a gargoyle
  8480 | D:7      | Killed a two-headed ogre
  8481 | D:7      | Reached skill level 11 in Earth Magic
  8677 | D:7      | Noticed a green ugly thing
  8691 | D:7      | Killed a green ugly thing
  8692 | D:7      | Reached XP level 11. HP: 24/54 MP: 23/23
  8705 | D:7      | Noticed a two-headed ogre
  8719 | D:7      | Killed a two-headed ogre
  9149 | D:7      | Noticed a centaur warrior
  9154 | D:7      | HP: 1/54 [centaur warrior/arrow (17)]
  9155 | D:7      | Killed a centaur warrior
  9480 | D:7      | Identified the +3 plate armour "Lochoce" {rPois Int+4}
  9812 | D:8      | Reached skill level 12 in Earth Magic
  9843 | D:8      | Found a shimmering blue altar of Sif Muna.
 10181 | D:8      | Offered knowledge of Ignite Poison by Vehumet.
 10598 | D:8      | Found Gozag's Platinum Reserve.
 10815 | D:8      | Found an opulent altar of Gozag.
 11017 | D:8      | Reached *** piety under Vehumet
 11360 | D:8      | Offered knowledge of Airstrike by Vehumet.
 12053 | D:9      | Reached skill level 10 in Conjurations
 12599 | D:10     | Entered Level 10 of the Dungeon
 12605 | D:10     | Found a staircase to the Lair.
 12624 | D:10     | Learned a level 5 spell: Lee's Rapid Deconstruction
 12921 | D:10     | Found a staircase to the Orcish Mines.
 12978 | D:10     | Found a hazy altar of Hepliaklqana.
 13063 | D:10     | Noticed a two-headed ogre
 13068 | D:10     | Killed a two-headed ogre
 13154 | D:10     | Found an ancient bone altar of Kikubaaqudgha.
 13160 | D:10     | Found a white marble altar of Elyvilon.
 13160 | D:10     | Found an iron altar of Okawaru.
 13401 | D:10     | Reached **** piety under Vehumet
 13967 | D:11     | Reached skill level 13 in Earth Magic
 13967 | D:11     | Reached XP level 12. HP: 59/59 MP: 18/25
 13981 | D:11     | Noticed Psyche
 13997 | D:11     | Noticed a two-headed ogre
 14084 | D:10     | Killed Psyche
 14084 | D:10     | Offered knowledge of Fireball by Vehumet.
 14294 | D:11     | Noticed Lodul
 14299 | D:11     | Killed Lodul
 14454 | D:10     | Killed a two-headed ogre
 14455 | D:10     | Reached skill level 10 in Spellcasting
 14629 | D:11     | Noticed a boulder beetle
 15029 | D:11     | Killed a boulder beetle
 15099 | D:11     | Found a blossoming altar of Fedhas.
 15187 | D:11     | Noticed a centaur warrior
 15269 | D:11     | Killed a centaur warrior
 15452 | D:11     | Noticed a two-headed ogre
 15456 | D:11     | Killed a two-headed ogre
 15747 | D:12     | Reached skill level 14 in Earth Magic
 16317 | D:12     | Identified the +6 sling of Utonaoty {antimagic, Str+3}
 16739 | Lair:1   | Entered Level 1 of the Lair of Beasts
 16739 | Lair:1   | Noticed Joseph
 16744 | Lair:1   | Killed Joseph
 16837 | Lair:1   | Noticed Urug
 16841 | Lair:1   | Killed Urug
 16993 | Lair:1   | Reached XP level 13. HP: 63/63 MP: 28/28
 17348 | Lair:1   | Reached skill level 15 in Earth Magic
 17544 | Lair:1   | Reached ***** piety under Vehumet
 17544 | Lair:1   | Offered knowledge of Orb of Destruction by Vehumet.
 19142 | Lair:2   | Reached skill level 16 in Earth Magic
 19240 | Lair:2   | Found a staircase to the Snake Pit.
 20580 | Lair:3   | Found a staircase to the Shoals.
 20851 | Lair:4   | Reached skill level 17 in Earth Magic
 21003 | Lair:4   | Gained mutation: Your large and strong wings let you fly.
                  | [Gargoyle growth]
 21003 | Lair:4   | Reached XP level 14. HP: 68/68 MP: 30/30
 21076 | Lair:3   | Learned a level 7 spell: Orb of Destruction
 21927 | Lair:4   | Reached skill level 18 in Earth Magic
 23063 | Lair:5   | Entered Level 5 of the Lair of Beasts
 23129 | Lair:5   | Found a runed translucent gate.
 23130 | Lair:5   | Found a runed translucent gate.
 23131 | Lair:5   | Found a runed translucent gate.
 23147 | Lair:5   | Noticed Speno's ghost (journeyman OpTm)
 23361 | Lair:5   | Found a staircase to the Slime Pits.
 23684 | Lair:5   | Offered knowledge of Iskenderun's Battlesphere by Vehumet.
 23863 | Lair:5   | Reached skill level 15 in Conjurations
 23952 | Lair:5   | Noticed Josephine
 23954 | Lair:5   | Killed Josephine
 24151 | Lair:5   | Identified the +1 shortbow "Globulus" {drain, rC+ Dex+2}
 24581 | Lair:5   | Noticed a dire elephant
 24581 | Lair:5   | Noticed a dire elephant
 25075 | Lair:5   | Killed a dire elephant
 25273 | Lair:5   | Killed a dire elephant
 25276 | Lair:5   | Reached XP level 15. HP: 57/72 MP: 14/31
 26891 | D:13     | Identified the staff of death "Caetzal" {rN+ rCorr Int+4}
 27112 | D:13     | Found Ezucaoh's Self-Improvement Boutique.
 27350 | D:14     | Noticed Azrael
 27359 | D:14     | Killed Azrael
 27360 | D:14     | Reached skill level 1 in Shields
 27817 | D:14     | Offered knowledge of Spellforged Servitor by Vehumet.
 27832 | D:14     | Learned a level 7 spell: Spellforged Servitor
 28080 | D:14     | Reached skill level 1 in Summonings
 28422 | D:14     | Found the +3 warlock's mirror {omnireflect}
 28508 | D:14     | Got the Codex of the Barrage
 28569 | D:14     | Reached skill level 5 in Shields
 29079 | D:14     | Found a gate to the Vaults.
 29372 | D:15     | Entered Level 15 of the Dungeon
 29606 | D:15     | Found a runed translucent gate.
 29608 | D:15     | Found a runed translucent gate.
 29608 | D:15     | Found a runed translucent gate.
 29611 | D:15     | Noticed rundlesten's ghost (journeyman DrTm)
 30114 | D:15     | Reached skill level 5 in Summonings
 30260 | D:15     | Paralysed by a centaur for 3 turns
 30399 | D:15     | Reached XP level 16. HP: 76/76 MP: 27/34
 30484 | D:15     | Found a staircase to the Depths.
 30967 | D:15     | Killed rundlesten's ghost
 31552 | Orc:1    | Entered Level 1 of the Orcish Mines
 31563 | Orc:1    | Acquired a book of Annihilations
 31751 | Orc:1    | Offered knowledge of Ozocubu's Refrigeration by Vehumet.
 31964 | Orc:1    | Found Ocaithuj's Assorted Antiques.
 31970 | Orc:1    | Bought a potion of magic for 208 gold pieces
 31970 | Orc:1    | Bought a pair of embroidered gloves for 195 gold pieces
 32355 | Orc:2    | Entered Level 2 of the Orcish Mines
 33652 | Lair:5   | Killed Speno's ghost
 33734 | Lair:5   | Identified the +2 robe of Card Tricks {Fly Will+}
 34240 | Orc:2    | Found a staircase to the Elven Halls.
 34622 | Orc:2    | Found Nuot Petyku's Weapon Shoppe.
 34625 | Orc:2    | Found Hyrph's Jewellery Emporium.
 34627 | Orc:2    | Found Otsac's Magic Scroll Shop.
 34730 | Orc:2    | Found Laorawn's Antique Weapon Emporium.
 34734 | Orc:2    | Bought a scroll of teleportation for 45 gold pieces
 34734 | Orc:2    | Bought a scroll of blinking for 112 gold pieces
 35690 | Shoals:1 | Entered Level 1 of the Shoals
 35704 | Shoals:1 | Found a runed translucent gate.
 35730 | Shoals:1 | Found a runed translucent gate.
 35731 | Shoals:1 | Found a runed translucent gate.
 35760 | Shoals:1 | Mangled by a harpy simulacrum

Illustrated notes

Levels and vault maps discovered:
D:1:      minmay_arrival_doors, layout_basic
D:2:      layout_basic, ebering_ecumenical_altar_sacrificial, uniq_robin,
          uniq_natasha
D:3:      minmay_general_purpose_star, layout_basic, chequers_jeans,
          uniq_terence
D:4:      layout_rooms, mainiacjoe_overflow_cross_hatched, uniq_edmund
D:5:      layout_loops_corners, minmay_temple_entry_overgrown, sword_in_stone
D:6:      gammafunk_steamed_eel, layout_basic, nicolae_overflow_crystal_walls,
          kennysheep_mini_moat
D:7:      nzn_winding_woodlands_large [nzn_winding_woodlands_5x5_checkerboard,
          nzn_winding_woodlands_5x15_pool,
          nzn_winding_woodlands_5x5_closed_star,
          nzn_winding_woodlands_center_triple_pond,
          nzn_winding_woodlands_15x15_boxy_spiral,
          nzn_winding_woodlands_center_diamonds,
          nzn_winding_woodlands_5x5_perimeter,
          nzn_winding_woodlands_5x15_parted, nzn_winding_woodlands_5x5_cross],
          layout_cave_pools, uniq_pikel
D:8:      layout_basic, nicolae_gozag_zags_fifth_avenue, led_sif_book,
          special_room [special_room_orc], st_stairs_10
D:9:      layout_loops_ring, minivault_5
D:10:     layout_loops_ring, overflow_temple_1_default, minitemple,
          lair_entry_dummy, orc_0_dummy, serial_bayou, serial_bayou_shore_b,
          serial_bayou_crossing, serial_bayou_shore_a, serial_bayou_shore_b,
          nicolae_figureground_pulse
D:11:     layout_loops_ring, wad_floor_pattern_untrapped, fedhas_altar_1,
          uniq_psyche, uniq_lodul
D:12:     layout_basic
D:13:     layout_rooms, grunt_ministairs_15, minmay_misc_feat_doors,
          small_chamber_with_monster, nicolae_shop_self_help
D:14:     minmay_smoke_and_mirrors, layout_loops_ring,
          grunt_vaults_entry_tiered, glass_columns_a, uniq_azrael
D:15:     grunt_enter_depths_giant_problem, layout_gridville,
          gammafunk_ghost_necromancy, serial_bayou_lagoon_a
Temple:   nicolae_temple_figure_eight
Lair:1:   layout_long_grid, minmay_hedge_maze, chequers_serial_rivers_micro_e,
          lemuel_fruit_tree, uniq_urug, uniq_joseph
Lair:2:   layout_small_grid, nicolae_snake_entry_warm_welcome,
          chequers_serial_rivers_room_b, serial_bayou_shore_b,
          serial_bayou_shore_b
Lair:3:   layout_cave_pods, nicolae_shoals_entry_flooding
Lair:4:   layout_cave_pods, chequers_serial_rivers_micro_d,
          kilobyte_rumbling_trees
Lair:5:   due_jungle_book, layout_misc_corridors,
          minmay_slime_entry_jelly_boxes, maelrawn_ghost_gauntlet_escape,
          grunt_megastairs_3, uniq_josephine
Shoals:1: layout_shoals, nicolae_shoals_beach_cooler
Orc:1:    layout_caves, serial_shops, shop, roderic_batcave,
          nicolae_orc_damp_corner, mines2_lemuel
Orc:2:    st_orc_open, layout_diamond_mine, nicolae_orc_stony_grotto,
          nooodl_orcs_dogs

Skill      XL: |  1  2  3  4  5  6  7  8  9 10 11 12 13 14 15 16 |
---------------+-------------------------------------------------+-----
Earth Magic    | 4 5 6 7 8 9 10 11 13 14 17 18 | 18.3
Spellcasting   | 3 4 6 8 9 11 12 14 | 14.2
Conjurations   | 1 5 8 10 12 13 15 | 15.6
Poison Magic   | 3 7 |  7.4
Shields        | 7 8 |  8.4
Summonings     | 5 9 |  9.5
Dodging        | |  1.5
Stealth        | |  2.1
Transmutations | |  0.7

Action                     |  1- 3 |  4- 6 |  7- 9 | 10-12 | 13-15 | 16-18 || total
---------------------------+-------+-------+-------+-------+-------+-------++-------
  Melee: Short sword       |    32 |    42 |     1 |       |       |       ||    75
         Staff             |       |       |     2 |       |    19 |       ||    21
   Cast: Sandblast         |    15 |    26 |     7 |    20 |       |       ||    68
         Stone Arrow       |       |     7 |    73 |    62 |     1 |     2 ||   145
         Olgreb's Toxic Ra |       |       |    19 |    80 |    26 |    13 ||   138
         Iron Shot         |       |       |       |   103 |   298 |    37 ||   438
         Lee's Rapid Decon |       |       |       |    30 |    54 |    10 ||    94
         Orb of Destructio |       |       |       |       |    21 |     4 ||    25
         Spellforged Servi |       |       |       |       |     8 |    41 ||    49
  Evoke: Wand              |       |     5 |     2 |     3 |     2 |       ||    12
    Use: Scroll            |       |       |    12 |    14 |     5 |     3 ||    34
         Potion            |       |       |       |     1 |     3 |       ||     4
   Stab: Sleeping          |     2 |     3 |       |       |       |       ||     5
 Armour: Robe              |     7 |    14 |    12 |    11 |       |     3 ||    47
         Troll leather arm |       |       |       |    24 |    54 |    17 ||    95
         Skin              |       |       |       |    24 |       |       ||    24
  Dodge: Dodged            |    17 |    26 |    17 |    64 |    65 |    14 ||   203
         Repelled          |       |       |       |       |       |     2 ||     2
  Block: Buckler           |       |       |       |       |     4 |    15 ||    19
         Reflection        |       |       |       |       |       |     1 ||     1
